 Dungeon Crawl Stone Soup version 0.22-a0-238-gd711f9382e (webtiles) character file.

617462 Fuhrer the Impregnable (level 26, 0/261 HPs)
             Began as a Deep Dwarf Fighter on Feb 20, 2018.
             Was the Champion of Makhleb.
             Slain by a frost giant
             ... wielding a +0 battleaxe of freezing
              (7 damage)
             ... on level 7 of Cocytus on Feb 21, 2018.
             The game lasted 05:23:05 (52382 turns).

Fuhrer the Impregnable (Deep Dwarf Fighter)        Turns: 52382, Time: 05:23:05

Health: 0/261      AC: 32    Str: 29    XL:     26   Next: 94%
Magic:  27/27      EV: 21    Int: 24    God:    Makhleb [******]
Gold:   843        SH: 17    Dex: 17    Spells: 15/25 levels left

rFire    + + +     SeeInvis .   l - +9 broad axe (flame)
rCold    + + .     Gourm    .   o - +2 shield {reflect}
rNeg     + + .     Faith    .   A - +6 plate armour {rF+}
rPois    +         Spirit   .   T - -2 hat of the Alchemist {rElec rPois rF+ rC+ rN+ MR+ rMut rCorr}
rElec    +         Reflect  +   M - scarf {rC+ rF+}
rCorr    +         Harm     .   i - +1 pair of gloves
rMut     +                      I - +2 pair of boots {Fly}
MR       ++++.                  K - amulet of rage
Stlth    ..........             u - +6 ring of strength
HPRegen  0.00/turn              P - ring of Butza {rF+ Int+4 Dex+5}
MPRegen  0.20/turn

@: flying, non-regenerating, hasted, very quick
A: damage resistance, heal wounds, antennae 1, negative energy resistance 1,
sense surroundings 3, strong 1, no regeneration
}: 3/15 runes: serpentine, barnacled, silver
a: Heal Wounds, Minor Destruction, Lesser Servant of Makhleb, Major Destruction,
Greater Servant of Makhleb, Renounce Religion, Evoke Berserk Rage, Stop Flying


You were on level 7 of Cocytus.
You worshipped Makhleb.
Makhleb was exalted by your worship.
You were hungry.

You visited 11 branches of the dungeon, and saw 53 of its levels.
You visited 1 bazaar.
You also visited: Labyrinth.

You collected 7075 gold pieces.
You spent 6232 gold pieces at shops.

Inventory:

Hand Weapons
 l - a +9 broad axe of flaming (weapon)
Armour
 i - a +1 pair of gloves (worn)
 o - a +2 shield of reflection (worn)
 A - a +6 plate armour of fire resistance (worn)
 I - a +2 pair of boots of flying (worn)
 M - a scarf of resistance (worn)
 T - the -2 hat of the Alchemist (worn) {rElec rPois rF+ rC+ rN+ MR+ rMut rCorr}
   (You found it on level 2 of the Lair of Beasts)

   It protects you from fire.
   It protects you from cold.
   It insulates you from electricity.
   It protects you from poison.
   It protects you from negative energy.
   It affects your resistance to hostile enchantments.
   It protects you from acid and corrosion.
   It protects you from mutation.
Jewellery
 u - a +6 ring of strength (left hand)
 K - an amulet of rage (around neck)
 P - the ring of Butza (right hand) {rF+ Int+4 Dex+5}
   (You found it on level 3 of the Elven Halls)

   [ring of protection from fire]

   It affects your intelligence (+4).
   It affects your dexterity (+5).
   It protects you from fire.
Wands
 t - a wand of iceblast (79)
 z - a wand of acid (48)
 U - a wand of digging (47)
 W - a wand of paralysis (85)
 Y - a wand of enslavement (16)
Scrolls
 d - a scroll of immolation
 e - 8 scrolls of fog
 j - 7 scrolls of magic mapping
 p - 21 scrolls of teleportation
 q - 27 scrolls of remove curse
 J - 9 scrolls of blinking
 O - 4 scrolls of fear
Potions
 a - 2 potions of ambrosia
 b - 4 potions of might
 c - 2 potions of cancellation
 h - 6 potions of agility
 m - 30 potions of curing
 r - 9 potions of haste
 B - 5 potions of invisibility
 D - 9 potions of heal wounds
 G - 4 potions of berserk rage
 L - 5 potions of resistance
Miscellaneous
 k - a crystal ball of energy
 x - a phial of floods
 y - a fan of gales
 E - 2 phantom mirrors
 R - a lamp of fire
 X - a lightning rod (4/4)
Comestibles
 f - 83 rations
 g - 5 chunks of flesh


   Skills:
 - Level 20.0 Fighting
 - Level 20.0(20.1) Axes
   Level 2.6(12.0) Polearms
 + Level 24.2 Armour
 - Level 20.0 Dodging
 - Level 15.0 Shields
 + Level 17.9 Necromancy
 + Level 15.4 Transmutations
 - Level 10.1 Evocations


You had 15 spell levels left.
You knew the following spells:

 Your Spells              Type           Power        Failure   Level  Hunger
a - Borgnjor's Vile Clut  Necr/Erth      #####.....   34%         5    ######.
b - Yara's Violent Unrav  Hex/Tmut       #####.....   50%         5    ######.


Dungeon Overview and Level Annotations

Branches:
Dungeon (15/15)            Temple (1/1) D:5            Lair (6/6) D:10
 Shoals (4/4) Lair:2        Snake (4/4) Lair:4        Slime (0/5) Lair:5
    Orc (2/2) D:10            Elf (3/3) Orc:2        Vaults (5/5) D:14
  Crypt (0/3) Vaults:2     Depths (5/5) D:15           Hell (1/1)
    Dis (0/7) Hell            Geh (0/7) Hell            Coc (7/7) Hell
    Tar (0/7) Hell            Zot (0/5) Depths:5

Altars:
Ashenzari
Cheibriados
Dithmenos
Elyvilon
Fedhas
Gozag
Hepliaklqana
Kikubaaqudgha
Makhleb
Nemelex Xobeh
Okawaru
Qazlal
Ru
Sif Muna
Trog
Uskayaw
Vehumet
Wu Jian
Xom
Yredelemnul
Zin
The Shining One
Lugonu

Shops:
D:4 =   D:7 *   D:8 *   D:15 :   Orc:2 =(**   Shoals:3 =   Snake:3 :![:
Vaults:1 }   Vaults:2 (   Depths:1 *   Depths:3 *}}=   Depths:4 *

Portals:
Hell: Depths:1 Depths:2 Depths:3 Depths:4 Depths:5
Abyss: Depths:1 Depths:2 Depths:3 Depths:4
Pandemonium: Depths:2 Depths:3
Ziggurat: Depths:1

Annotations:
Shoals:1 exclusion: Roxanne, Roxanne


Innate Abilities, Weirdness & Mutations

You are resistant to damage.
You can heal yourself by infusing magical energy.
You resist negative energy. (rN+)
You passively map a large area around you.
You do not regenerate.
You have a pair of small antennae on your head.
Your muscles are strong. (Str +2)


Message History

You slice the ice devil!! You burn the ice devil.
You kill the ice devil!
Makhleb accepts your kill.
You feel better.
You slash the Ice Fiend! You burn the Ice Fiend. You slash the frost giant!
You burn the frost giant. You slash the reaper! You burn the reaper.
The tormentor calls on the powers of darkness!
The frost giant convulses!
Your body is wracked with pain!
The Ice Fiend claws you!
* * * LOW HITPOINT WARNING * * *
The Ice Fiend freezes you! You resist.
* * * LOW HITPOINT WARNING * * *
You block the Ice Fiend's attack.
You hit the frost giant but do no damage.
The frost giant is almost dead.
You hit the Ice Fiend but do no damage. You slash the bog body!
You burn the bog body. You hit the reaper. You burn the reaper.
The reaper barely misses you.
The frost giant hits you with a battleaxe of freezing!
You die...

#######...≈#≈≈≈≈≈≈.#...,,,****,,,
******##..≈##≈≈≈≈≈≈.#..,,*,******
≈≈**≈≈≈#≈≈.≈##≈≈≈≈≈≈.####.≈,*****
≈≈≈≈≈≈≈###≈.≈##≈≈≈≈≈≈....≈≈≈,*,,,
≈≈≈≈≈≈≈≈{##≈.≈##≈≈≈≈≈≈≈≈≈.≈,*,,,,
≈≈≈≈≈≈≈≈≈{##≈.≈##≈≈≈≈≈≈≈.≈,*,,,,,
≈≈≈≈≈≈≈≈≈≈≈##≈.≈n≈≈≈≈≈≈.≈≈,*,,,,*
≈≈≈≈≈≈≈≈≈≈≈≈##≈.1#≈##≈.≈≈≈,*,,,,,
≈≈≈≈≈≈≈≈≈≈≈≈≈#≈≈@n#42#≈≈≈≈,*,,,,,
≈≈≈,,≈,,≈≈≈≈≈≈≈#C2†4..#≈≈≈≈,*,,,,
≈≈,**,**,≈≈≈≈≈≈≈#Z≈...#≈≈≈≈≈,*,,*
≈,*,,*,,#.≈≈≈≈≈#...≈.#≈≈≈≈≈≈≈,**,
,*,,,,,,.#.≈≈≈E#......#≈≈≈≈≈≈≈,,≈
*,,,,,,,..#.≈≈≈≈#..#..#≈≈≈≈≈≈≈≈≈≈
*,,,,,,,..#.≈≈≈.E##≈##≈≈≈≈≈≈≈≈≈≈≈
*,,,*,*,,,#.≈≈4≈≈≈≈≈≈≈≈≈≈≈≈≈≈≈≈≈≈
*,,,,,,,,,#.≈.≈≈≈≈≈≈≈≈≈≈≈≈≈≈≈≈≈≈≈


You could see a frost giant, an Ice Fiend, a reaper, an elemental wellspring, an
ice devil, 2 bog bodies and a storm dragon simulacrum.

Vanquished Creatures
  2 ancient liches (Vaults:5)
  Mara (Vaults:2)
  A juggernaut (Depths:5)
  17 shard shrikes
  Bai Suzhen (Depths:1)
  Margery (Vaults:3)
  Frederick (Vaults:3)
  Xtahua (Vaults:5)
  Geryon (Hell)
  4 golden dragons
  Nikola (Depths:1)
  A bone dragon (Depths:5)
  Jorgrun (Shoals:3)
  6 Ice Fiends
  4 tentacled monstrosities
  Rupert (Orc:2)
  2 liches
  4 deep elf blademasters (Elf:3)
  2 quicksilver dragons (Vaults:5)
  3 titans (Vaults:5)
  2 deep elf master archers (Elf:3)
  Gastronok (Lair:2)
  Kirke (Snake:4)
  A sphinx (Vaults:5)
  3 shadow dragons
  Polyphemus (Shoals:4)
  An eldritch tentacle (Coc:2)
  Donald (Shoals:1)
  9 tengu reavers
  8 nagarajas
  5 storm dragons
  11 fire giants
  14 frost giants
  7 deep elf sorcerers
  Louise (Depths:1)
  13 vault wardens
  2 cacodemons
  A balrug (Hell)
  3 deep elf elementalists (Elf:3)
  2 draconian shifters (Depths:5)
  17 ironheart preservers
  16 reapers
  2 war gargoyles (Vaults:5)
  19 very ugly things
  2 elemental wellsprings
  A black draconian (Depths:5)
  7 deep elf demonologists
  3 vampire knights
  15 stone giants
  An entropy weaver (Vaults:4)
  A red draconian (Depths:5)
  Nessos (D:14)
  Azrael (Elf:1)
  A yellow draconian (Depths:5)
  10 deep elf annihilators
  2 green draconians (Depths:5)
  6 spark wasps
  A minotaur (Lab)
  12 blizzard demons
  6 deep elf death magi
  6 merfolk javelineers
  Snorg (D:11)
  11 ettins
  8 fire dragons
  A green death (Coc:1)
  5 merfolk impalers
  11 great orbs of eyes
  Josephine (D:14)
  8 deep elf high priests
  A quicksilver dragon zombie (Coc:1)
  18 yaktaur captains
  4 kraken zombies
  4 rakshasas
  19 ice dragons
  4 hydras
  A hell beast (Hell)
  32 vault guards
  2 quicksilver dragon skeletons
  Erica (D:11)
  3 spriggan air magi
  A merfolk avatar (Shoals:2)
  10 centaur warriors
  19 naga warriors
  A catoblepas (Shoals:4)
  An alligator snapping turtle (Shoals:4)
  10 anacondas
  A merfolk aquamancer (Shoals:4)
  5 satyrs
  46 two-headed ogres
  A queen ant (shapeshifter) (Vaults:5)
  16 ogre magi
  6 hell hogs (Hell)
  4 tengu warriors
  2 titan zombies
  2 death yaks (Shoals:4)
  15 deep troll earth magi
  8 spriggan berserkers
  10 naga sharpshooters
  11 deep troll shamans
  23 dancing weapons
  A vampire mage (Depths:3)
  4 orc high priests (Orc:2)
  Urug (Lair:2)
  3 sun demons (Hell)
  21 deep elf knights
  4 shock serpents
  4 soul eaters (Hell)
  Nergalle (D:10)
  Sonja (D:14)
  2 sixfirhies
  46 skeletal warriors
  3 storm dragon zombies
  3 titan skeletons
  2 iron trolls (Depths:3)
  3 shadow wraiths
  6 glowing orange brains
  35 hell knights
  4 salamander mystics
  33 deep trolls
  A spark wasp zombie (Depths:2)
  A quicksilver dragon simulacrum (Depths:2)
  A torturous demonspawn (Depths:3)
  11 unseen horrors
  4 storm dragon skeletons
  3 golden dragon zombies
  A deep troll (shapeshifter) (Vaults:5)
  8 anaconda zombies
  9 large abominations
  2 shadow dragon zombies
  14 sea snakes
  A kraken simulacrum (Coc:1)
  2 flayed ghosts
  5 wizards
  3 naga ritualists
  14 deep elf archers
  9 harpies
  14 ironbrand convokers
  A golden dragon skeleton (Coc:4)
  5 phantasmal warriors
  18 necromancers
  2 iron dragon zombies
  5 anaconda skeletons
  A wolf spider zombie (Coc:4)
  3 mana vipers (Snake:4)
  3 shadow dragon skeletons
  7 orc sorcerers
  61 deep elf magi
  20 orc knights
  7 wolf spiders
  5 stone giant zombies
  8 manticores
  11 cyclopes
  5 frost giant zombies
  12 fauns
  3 iron dragon skeletons
  57 ugly things
  2 fire giant zombies
  8 guardian serpents
  2 ice statues (Hell)
  15 salamanders
  3 fire giant skeletons
  27 black mambas
  9 vault sentinels
  7 merfolk sirens
  A dire elephant zombie (Coc:5)
  8 elephants (Lair:4)
  13 naga magi
  2 molten gargoyles
  A water nymph (shapeshifter) (Vaults:2)
  A black mamba (shapeshifter) (Vaults:2)
  A guardian serpent (shapeshifter) (Depths:5)
  3 stone giant skeletons
  15 spiny frogs
  2 frost giant skeletons
  4 smoke demons (Hell)
  4 water nymphs
  A gargoyle (D:11)
  2 dire elephant skeletons
  A yaktaur zombie (Vaults:3)
  A hellion (Hell)
  38 yaktaurs
  4 titan simulacra
  A minotaur zombie (Hell)
  28 freezing wraiths
  A yaktaur (shapeshifter) (Vaults:3)
  5 komodo dragons
  2 rime drakes (Shoals:4)
  A demonic crawler (Hell)
  10 tormentors
  7 anaconda simulacra
  3 kobold demonologists (D:14)
  23 ice devils
  5 efreet
  A catoblepas skeleton (Coc:2)
  7 red devils
  17 merfolk
  18 hydra zombies
  3 harpy zombies
  A meliai (shapeshifter) (Vaults:4)
  A polar bear (shapeshifter) (Vaults:5)
  A yaktaur skeleton (Vaults:3)
  4 tengu conjurers
  10 trolls
  A shadow dragon simulacrum (Hell)
  13 hornets
  A queen bee (Lair:2)
  A wolf spider simulacrum (Lair:2)
  4 polar bears
  3 blink frogs (Lair:3)
  Prince Ribbit (D:5)
  29 slime creatures
  11 snapping turtles
  A sphinx simulacrum (Depths:2)
  10 wind drakes
  6 alligator zombies
  Grinder (D:5)
  4 hydra skeletons
  3 bog bodies (Coc:7)
  5 ettin zombies
  3 hippogriffs
  3 fire dragon zombies (Coc:6)
  10 dream sheep
  A frost giant simulacrum (Coc:2)
  5 fire giant simulacra
  3 ice dragon skeletons
  A redback (shapeshifter) (Vaults:5)
  23 spriggans
  A fire dragon skeleton (Coc:5)
  2 vampires
  36 flying skulls
  4 air elementals
  A black mamba zombie (Hell)
  An ettin skeleton (Coc:7)
  7 wyverns
  49 yaks
  24 water elementals
  11 wraiths
  10 shadows
  2 spriggans (shapeshifter)
  6 alligator skeletons
  2 redbacks (Vaults:4)
  11 fire elementals
  5 hogs (Snake:4)
  A yak (shapeshifter) (Vaults:4)
  A dire elephant simulacrum (Lair:2)
  5 hungry ghosts
  A golden eye (shapeshifter) (Depths:3)
  4 basilisks
  A hog (shapeshifter) (D:15)
  11 vampire mosquitoes
  An emperor scorpion simulacrum (Coc:4)
  3 steam dragons
  3 chaos spawn
  Edmund (D:5)
  A swamp worm (shapeshifter) (Depths:3)
  A naga (shapeshifter) (Depths:2)
  10 wargs
  4 soldier ants
  14 spiny frog zombies
  8 hell hounds
  An acid dragon (Vaults:1)
  50 nagas
  A soldier ant (shapeshifter) (Vaults:3)
  4 hydra simulacra
  13 water moccasins
  9 porcupines
  A floating eye (shapeshifter) (Elf:3)
  46 orc warriors
  2 snapping turtle zombies
  A swamp dragon zombie (Coc:1)
  6 spiny frog skeletons
  5 ettin simulacra
  A hornet zombie (D:11)
  6 sky beasts
  A black bear (shapeshifter) (Elf:2)
  14 ice beasts
  5 phantoms
  3 alligator simulacra
  5 black bears
  22 boggarts
  45 centaurs
  2 necrophages
  29 wolves
  39 ogres
  A snapping turtle skeleton (Coc:4)
  A manticore skeleton (Coc:7)
  2 swamp dragon skeletons
  5 crocodiles
  6 big kobolds
  2 human zombies
  19 bullfrogs
  4 gnoll sergeants (D:10)
  Blork the orc (D:4)
  2 earth elementals (Elf:3)
  A wyvern zombie (D:8)
  3 spiny frog simulacra
  6 small abominations
  A wyvern skeleton (D:6)
  A water moccasin zombie (D:8)
  3 scorpions
  28 killer bees
  2 snapping turtle simulacra
  9 wights
  4 howler monkeys (D:8)
  2 electric eels
  8 crimson imps
  3 centaur zombies
  5 hounds
  2 quasits (Depths:3)
  Crazy Yiuf (D:3)
  A bullfrog zombie (D:6)
  6 jellies
  A bullfrog skeleton (D:6)
  33 orc wizards
  10 centaur skeletons
  An iron imp (Depths:3)
  Terence (D:3)
  A human skeleton (Coc:6)
  26 orc priests
  Jessica (D:3)
  3 iguanas
  A yak simulacrum (Lair:2)
  9 worker ants
  A bullfrog simulacrum (Lair:2)
  A tengu skeleton (Coc:2)
  A hound skeleton (D:5)
  3 mummies
  A worker ant zombie (D:11)
  A crocodile simulacrum (Lair:2)
  2 gnolls (D:10)
  14 adders
  6 shadow imps
  16 white imps
  An ooze (D:3)
  4 worms
  A dart slug (D:2)
  3 leopard geckos
  97 orcs
  10 bats
  A giant cockroach (D:5)
  12 goblins
  9 hobgoblins
  12 jackals
  4 quokkas
  3 ball pythons
  4 frilled lizards
  A jackal skeleton (D:4)
  22 kobolds
  A leopard gecko zombie (D:8)
  An orc skeleton (Hell)
  3 rats
  2 crawling corpses (Elf:3)
  A fire vortex (Lair:3)
  8 fungi
  30 plants
  3 tentacles
2628 creatures vanquished.

Vanquished Creatures (collateral kills)
  A hydra (Lair:3)
  2 wolves (Lair:3)
  A crocodile (Lair:3)
4 creatures vanquished.

Vanquished Creatures (others)
  Ilsuiw (Shoals:4)
  A stone giant (Vaults:5)
  A merfolk javelineer (Shoals:4)
  A yaktaur captain (Vaults:5)
  2 ice dragons
  A hell hog (Hell)
  A dancing weapon (Elf:1)
  2 deep troll earth magi (Depths:1)
  A skeletal warrior (Coc:2)
  A deep elf archer (Elf:1)
  A necromancer (Vaults:1)
  A deep elf mage (Vaults:5)
  An ugly thing (Depths:3)
  A cyclops (Vaults:2)
  A faun (Shoals:4)
  6 yaktaurs
  A flying skull (Coc:1)
  A merfolk zombie (Hell)
  An ettin simulacrum (Hell)
  An earth elemental (Elf:1)
  An orc priest (Orc:2)
  An orc wizard (Orc:2)
  An orc (D:10)
  62 plants
  21 tentacles
113 creatures vanquished.

Grand Total: 2745 creatures vanquished

Notes
Turn   | Place    | Note
-------+----------+-------------------------------------------
     0 | D:1      | Fuhrer the Deep Dwarf Fighter began the quest for the Orb.
     0 | D:1      | Reached XP level 1. HP: 20/20 MP: 1/1
   122 | D:1      | Reached XP level 2. HP: 27/27 MP: 2/2
   759 | D:2      | Reached XP level 3. HP: 33/33 MP: 3/3
  1504 | D:3      | Reached XP level 4. HP: 33/40 MP: 4/4
  1656 | D:3      | Noticed Terence
  1681 | D:3      | Killed Terence
  1863 | D:3      | Noticed Jessica
  1865 | D:3      | Killed Jessica
  1865 | D:3      | Reached skill level 5 in Axes
  1865 | D:3      | Reached XP level 5. HP: 34/46 MP: 5/5
  2372 | D:3      | Found a runed door.
  2376 | D:3      | Noticed Crazy Yiuf
  2381 | D:3      | Killed Crazy Yiuf
  2433 | D:4      | Reached XP level 6. HP: 27/55 MP: 6/6
  2738 | D:4      | Found Agreac's Jewellery Shoppe.
  2754 | D:4      | Noticed Blork the orc
  2767 | D:4      | Killed Blork the orc
  2839 | D:4      | Reached XP level 7. HP: 35/61 MP: 6/6
  3244 | D:5      | Entered Level 5 of the Dungeon
  3282 | D:5      | Found a staircase to the Ecumenical Temple.
  3282 | D:5      | Noticed Edmund
  3305 | D:5      | Killed Edmund
  3307 | Temple   | Entered the Ecumenical Temple
  3561 | D:5      | Noticed Grinder
  3576 | D:5      | Killed Grinder
  3576 | D:5      | Reached skill level 10 in Axes
  3576 | D:5      | Reached XP level 8. HP: 17/68 MP: 7/7
  3678 | D:5      | Found a shattered altar of Ashenzari.
  3829 | D:5      | Noticed Prince Ribbit
  3840 | D:5      | Killed Prince Ribbit
  4004 | D:5      | Found a hazy altar of Hepliaklqana.
  4347 | D:6      | Found a hazy altar of Hepliaklqana.
  4373 | D:6      | Found a white marble altar of Elyvilon.
  4373 | D:6      | Found a sparkling altar of Nemelex Xobeh.
  4373 | D:6      | Found a burning altar of Makhleb.
  4409 | D:6      | Became a worshipper of Makhleb the Destroyer
  4456 | D:6      | Gained mutation: You passively map the area around you. [Deep Dwarf growth]
  4456 | D:6      | Reached XP level 9. HP: 32/74 MP: 7/7
  4747 | D:6      | Reached * piety under Makhleb
  4969 | D:6      | Got a smoking whip {slash}
  5491 | D:7      | Found Inept's General Store.
  5729 | D:7      | Found a sacrificial altar of Ru.
  5951 | D:8      | Reached XP level 10. HP: 54/81 MP: 7/7
  6028 | D:8      | Reached skill level 15 in Axes
  6187 | D:8      | Found Puodghyn's General Store.
  6208 | D:8      | Bought a potion of degeneration for 13 gold pieces
  6208 | D:8      | Bought a scroll of remove curse for 39 gold pieces
  6208 | D:8      | Bought a scroll of fear for 45 gold pieces
  6308 | D:8      | Reached ** piety under Makhleb
  6791 | D:9      | Got a shimmering ring mail
  6802 | D:9      | Identified the +2 ring mail of Xom's Displeasure {rElec rPois Int+3 Stlth-} (You found it on level 9 of the Dungeon)
  6823 | D:9      | Found the +8 longbow "Zephyr" {speed, Dex+3 SInv}
  6922 | D:9      | Noticed a two-headed ogre
  6943 | D:9      | Killed a two-headed ogre
  7197 | D:9      | Noticed a manticore
  7201 | D:9      | Killed a manticore
  7424 | D:10     | Entered Level 10 of the Dungeon
  7459 | D:10     | Got an ancient leather armour
  7470 | D:10     | Identified the +2 leather armour of Complete Protection {rC++} (You found it on level 10 of the Dungeon)
  7532 | D:10     | Noticed a two-headed ogre
  7547 | D:10     | Noticed a brown ugly thing
  7560 | D:10     | Killed a two-headed ogre
  7560 | D:10     | Reached skill level 4 in Armour
  7567 | D:10     | Killed a brown ugly thing
  7669 | D:10     | Reached *** piety under Makhleb
  7669 | D:10     | Reached XP level 11. HP: 80/91 MP: 8/8
  7672 | D:10     | Reached skill level 5 in Armour
  7891 | D:10     | Found a staircase to the Lair.
  7997 | D:10     | Noticed Nergalle
  8030 | D:10     | Killed Nergalle
  8170 | D:10     | Found a staircase to the Orcish Mines.
  8191 | D:10     | Reached skill level 6 in Armour
  8216 | D:10     | Reached skill level 5 in Fighting
  8326 | D:10     | Reached **** piety under Makhleb
  8337 | D:10     | Reached skill level 5 in Dodging
  8668 | Orc:1    | Entered Level 1 of the Orcish Mines
  8668 | Orc:1    | Found a radiant altar of Vehumet.
  8673 | Orc:1    | Noticed an orc knight
  8736 | Lair:1   | Entered Level 1 of the Lair of Beasts
  8916 | Lair:1   | Reached skill level 7 in Armour
  9447 | Lair:2   | Found a staircase to the Shoals.
  9642 | Lair:2   | Reached ***** piety under Makhleb
  9643 | Lair:2   | Reached skill level 8 in Armour
  9803 | Lair:2   | Reached XP level 12. HP: 106/106 MP: 9/9
  9880 | Lair:2   | Noticed Urug
  9903 | Lair:2   | Killed Urug
 10049 | Lair:2   | Noticed Gastronok
 10077 | Lair:2   | Killed Gastronok
 10174 | Lair:2   | Found the -2 hat of the Alchemist {rElec rPois rF+ rC+ rN+ MR+ rMut rCorr}
 10247 | Lair:2   | Found a transporter.
 10342 | Lair:2   | Found a transporter.
 10995 | Lair:3   | Noticed a five-headed hydra
 11010 | Lair:3   | Killed a five-headed hydra
 11126 | Lair:3   | Noticed a six-headed hydra
 11135 | Lair:3   | Killed a nine-headed hydra
 11135 | Lair:3   | Reached skill level 9 in Armour
 11505 | Lair:3   | Reached XP level 13. HP: 115/115 MP: 10/10
 11577 | Lair:2   | Identified the +5 whip "Eviuruy" {slash, *Drain rElec MR- Stlth+} (You took it off an orc on level 6 of the Dungeon)
 12030 | Lair:4   | Found a staircase to the Snake Pit.
 12090 | Lair:4   | Reached skill level 10 in Armour
 12332 | Lair:4   | Reached ****** piety under Makhleb
 12645 | Lair:5   | Found a staircase to the Slime Pits.
 13415 | Lair:5   | Got a distressingly furry scale mail
 13426 | Lair:5   | Identified the +1 scale mail of Focus {rF+ rCorr Int+3} (You found it on level 5 of the Lair of Beasts)
 13471 | Lair:6   | Entered Level 6 of the Lair of Beasts
 13847 | Lair:6   | Reached skill level 10 in Dodging
 13876 | Lair:6   | Reached skill level 11 in Armour
 15032 | Orc:1    | Gained mutation: You resist negative energy. (rN+) [Deep Dwarf growth]
 15032 | Orc:1    | Reached XP level 14. HP: 129/129 MP: 11/11
 15041 | Orc:1    | Noticed a stone giant
 15093 | Orc:1    | Killed a stone giant
 15555 | Orc:2    | Entered Level 2 of the Orcish Mines
 15555 | Orc:2    | Noticed Rupert
 15568 | Orc:2    | Killed Rupert
 15571 | Orc:2    | Reached skill level 10 in Fighting
 15730 | Orc:2    | Reached skill level 12 in Armour
 15872 | Orc:2    | Found Ole Lopn's General Store.
 15896 | Orc:2    | Gained mutation: You are weak. (Str -2) [a neqoxec]
 15935 | Orc:2    | Found Oghidubb's Jewellery Emporium.
 15941 | Orc:2    | Found Hecel's Antique Weapon Emporium.
 15948 | Orc:2    | Found Inept's General Store.
 15956 | Orc:2    | Bought a potion of curing for 48 gold pieces
 15956 | Orc:2    | Bought a potion of curing for 48 gold pieces
 15956 | Orc:2    | Bought a potion of ambrosia for 128 gold pieces
 15956 | Orc:2    | Bought a scroll of identify for 32 gold pieces
 15956 | Orc:2    | Bought a potion of flight for 48 gold pieces
 15956 | Orc:2    | Bought a scroll of immolation for 56 gold pieces
 15966 | Orc:2    | Bought a cursed -3 ring of intelligence for 36 gold pieces
 15979 | Orc:2    | Bought 2 potions of mutation for 272 gold pieces
 15980 | Orc:2    | Lost mutation: You are weak. (Str -2) [potion of mutation]
 15980 | Orc:2    | Gained mutation: You have a pair of small antennae on your head. [potion of mutation]
 15980 | Orc:2    | Gained mutation: Your muscles are strong. (Str +2) [potion of mutation]
 15982 | Orc:2    | Bought a scroll of identify for 34 gold pieces
 15982 | Orc:2    | Bought a potion of invisibility for 136 gold pieces
 15982 | Orc:2    | Bought a potion of curing for 51 gold pieces
 15982 | Orc:2    | Bought a potion of invisibility for 136 gold pieces
 16260 | Orc:2    | Found a staircase to the Elven Halls.
 16509 | Orc:2    | Bought a runed flail for 136 gold pieces
 16746 | D:11     | Noticed Snorg
 16757 | D:11     | Killed Snorg
 16775 | D:11     | Found a labyrinth entrance.
 16788 | Lab      | Entered a labyrinth
 18057 | Lab      | Identified the Guide on the Snowflakes and Intoxication
 18585 | D:11     | Noticed Erica
 18596 | D:11     | Killed Erica
 18752 | D:12     | Paralysed by a hornet for 3 turns
 19618 | D:13     | Reached XP level 15. HP: 140/140 MP: 12/12
 20023 | D:14     | Noticed Josephine
 20031 | D:14     | Killed Josephine
 20239 | D:14     | Noticed Nessos
 20256 | D:14     | Killed Nessos
 20406 | D:14     | Noticed Sonja
 20407 | D:14     | Killed Sonja
 20632 | D:14     | Found a gate to the Vaults.
 20689 | D:15     | Entered Level 15 of the Dungeon
 20733 | D:15     | Reached skill level 13 in Armour
 20813 | D:15     | Found Apuosura's Book Shoppe.
 21327 | D:15     | Found a staircase to the Depths.
 21492 | Depths:1 | Entered Level 1 of the Depths
 21611 | Depths:1 | Noticed Bai Suzhen
 21846 | Snake:1  | Entered Level 1 of the Snake Pit
 21872 | Snake:1  | You are sucked into a shaft!
 21898 | Snake:2  | Noticed a nagaraja
 21898 | Snake:2  | Reached XP level 16. HP: 128/152 MP: 13/13
 22086 | Snake:2  | Reached skill level 14 in Armour
 22695 | Snake:3  | Found Hiysche's Book Shop.
 22696 | Snake:3  | Found Rabbosh's Armour Boutique.
 22696 | Snake:3  | Found Qelaumat's Distillery.
 22699 | Snake:3  | Found Itoman's Book Boutique.
 22705 | Snake:3  | Bought a potion of agility for 76 gold pieces
 22705 | Snake:3  | Bought a potion of might for 76 gold pieces
 22705 | Snake:3  | Bought a potion of mutation for 152 gold pieces
 22705 | Snake:3  | Bought a potion of heal wounds for 95 gold pieces
 22705 | Snake:3  | Bought a potion of curing for 57 gold pieces
 22705 | Snake:3  | Bought a potion of cancellation for 152 gold pieces
 22705 | Snake:3  | Bought a potion of haste for 190 gold pieces
 22705 | Snake:3  | Bought a potion of curing for 57 gold pieces
 22705 | Snake:3  | Bought a potion of brilliance for 76 gold pieces
 23179 | Snake:4  | Entered Level 4 of the Snake Pit
 23179 | Snake:4  | Noticed Kirke
 23187 | Snake:4  | Killed Kirke
 23468 | Snake:4  | Reached skill level 15 in Armour
 23589 | Snake:4  | Reached XP level 17. HP: 163/163 MP: 14/14
 23643 | Snake:4  | Reached skill level 15 in Dodging
 23657 | Snake:4  | Got a serpentine rune of Zot
 24760 | Snake:1  | Found the +8 demon blade "Leech" {vamp, rN+ AC-3 EV-3}
 24952 | Snake:1  | Reached skill level 1 in Evocations
 25603 | Depths:1 | Reached skill level 5 in Evocations
 25610 | Depths:1 | Killed Bai Suzhen
 25627 | Depths:1 | Noticed Nikola
 25672 | Depths:1 | Killed Nikola
 25886 | Depths:1 | Noticed Louise
 25909 | Depths:1 | Killed Louise
 25909 | Depths:1 | Reached skill level 10 in Evocations
 26527 | Shoals:1 | Entered Level 1 of the Shoals
 26590 | Shoals:1 | Reached skill level 16 in Armour
 26594 | Shoals:1 | Got a shimmering amethyst amulet
 26596 | Shoals:1 | Identified the amulet "Tyot" {Inacc +Fly} (You found it on level 1 of the Shoals)
 26662 | Shoals:1 | Noticed Donald
 26674 | Shoals:1 | Killed Donald
 26731 | Shoals:1 | Noticed Roxanne
 27128 | Shoals:1 | Reached skill level 5 in Shields
 27188 | Shoals:1 | Gained mutation: You passively map a large area around you. [Deep Dwarf growth]
 27188 | Shoals:1 | Reached XP level 18. HP: 129/174 MP: 22/22
 27764 | Shoals:2 | Found a gateway to a bazaar.
 28147 | Shoals:3 | Noticed Jorgrun
 28156 | Shoals:3 | Killed Jorgrun
 28677 | Shoals:3 | Found Koosuocef's Jewellery Shop.
 28801 | Shoals:4 | Entered Level 4 of the Shoals
 29032 | Shoals:4 | Reached skill level 10 in Shields
 29108 | Shoals:4 | Got a barnacled rune of Zot
 29193 | Shoals:4 | Noticed Ilsuiw
 29215 | Shoals:4 | Killed Ilsuiw
 29381 | Shoals:4 | Noticed Polyphemus
 29398 | Shoals:4 | Killed Polyphemus
 29654 | Shoals:4 | Identified the Almanac of the Icy Oath
 29877 | Shoals:4 | Identified a scroll of acquirement
 30240 | Depths:1 | Found a one-way gate to the infinite horrors of the Abyss.
 30347 | Depths:1 | Found a gateway to Hell.
 30487 | Depths:1 | Found a gateway to a ziggurat.
 30716 | Depths:1 | Found Howkoa's Island Escapes.
 31141 | Depths:2 | Identified the Papyrus of Destructive Protection
 31163 | Depths:2 | Found a one-way gate leading to the halls of Pandemonium.
 31250 | Depths:2 | Reached XP level 19. HP: 126/181 MP: 23/23
 31661 | Depths:2 | Reached skill level 15 in Shields
 31793 | Depths:2 | Found an ancient bone altar of Kikubaaqudgha.
 32516 | Depths:3 | Identified the Reference Book on Hexes and the Blaze
 32551 | Depths:3 | Found the +10 large shield of Ignorance {rN+ Int-4}
 32560 | Depths:3 | Found Apous Xutza's Gadget Emporium.
 32562 | Depths:3 | Found Qygihic's Jewellery Boutique.
 32563 | Depths:3 | Found Elaom's Gadget Emporium.
 32953 | Depths:3 | Reached skill level 17 in Armour
 33021 | Depths:3 | Found Ditotyam's General Store.
 33210 | Depths:3 | Found a corrupted altar of Lugonu.
 33528 | Depths:4 | Reached XP level 20. HP: 192/192 MP: 24/24
 33953 | Depths:4 | Reached skill level 15 in Fighting
 34097 | Depths:4 | Found Coti's General Store.
 34101 | Depths:4 | Bought a potion of curing for 72 gold pieces
 34101 | Depths:4 | Bought a scroll of brand weapon for 480 gold pieces
 34101 | Depths:4 | Bought a scroll of enchant weapon for 180 gold pieces
 34373 | Depths:4 | Noticed a golden dragon
 34389 | Depths:4 | Killed a golden dragon
 34511 | Depths:5 | Entered Level 5 of the Depths
 34646 | Depths:5 | Noticed a bone dragon
 34651 | Depths:5 | Found a gate to the Realm of Zot.
 34670 | Depths:5 | Killed a bone dragon
 34719 | Depths:5 | Noticed a golden dragon
 34736 | Depths:5 | Killed a golden dragon
 34760 | Depths:5 | Reached skill level 18 in Armour
 34945 | Depths:5 | Noticed a juggernaut
 34957 | Depths:5 | Killed a juggernaut
 35414 | Depths:5 | Reached XP level 21. HP: 204/204 MP: 25/25
 36167 | Elf:1    | Entered Level 1 of the Elven Halls
 36357 | Elf:1    | Noticed Azrael
 36364 | Elf:1    | Killed Azrael
 36543 | Elf:1    | Identified Xeikhuc's Almanac of Conjuration
 36885 | Elf:2    | Found a huge runed gate.
 36885 | Elf:2    | Found a huge runed gate.
 36886 | Elf:2    | Found a huge runed gate.
 36929 | Elf:2    | Reached skill level 19 in Armour
 36941 | Elf:2    | Identified the Handbook of Ashen Talismans
 37000 | Elf:2    | Found a radiant altar of Vehumet.
 37558 | Elf:3    | Entered Level 3 of the Elven Halls
 38171 | Elf:3    | Reached XP level 22. HP: 217/217 MP: 26/26
 38324 | Elf:3    | Got a pitted iron ring
 38334 | Elf:3    | Found the +8 lance "Wyrmbane" {slay drac, rPois rF+ rC+ AC+3}
 38359 | Elf:3    | Identified Haodiwog's Tome of Entrancing Heat
 38365 | Elf:3    | Got a vibrating bone ring
 38371 | Elf:3    | Got a slimy ring mail
 38392 | Elf:3    | Got a translucent crystal amulet
 38402 | Elf:3    | Got a slimy war axe
 38430 | Elf:3    | Got an ancient diamond amulet
 38458 | Elf:3    | Identified the +7 war axe "Mabbutim" {drain, rElec rPois Dex+4} (You found it on level 3 of the Elven Halls)
 38464 | Elf:3    | Got a heavily runed golden amulet
 38470 | Elf:3    | Got an encrusted war axe
 38471 | Elf:3    | Identified the +4 war axe of the Crawling Thing {freeze, MR+ Stlth+} (You found it on level 3 of the Elven Halls)
 38525 | Elf:3    | Identified the cursed +1 ring mail of the Will of the Gods {rC+ Dex+5 Slay+3} (You found it on level 3 of the Elven Halls)
 38543 | Elf:3    | Identified the amulet "Hicoe" {Inacc +Inv rPois Dex+2} (You found it on level 3 of the Elven Halls)
 38545 | Elf:3    | Identified the amulet "Koruckeu" {Inacc rPois rC+ Dex+3} (You found it on level 3 of the Elven Halls)
 38547 | Elf:3    | Identified the amulet of Doubts {Gourm rN+} (You found it on level 3 of the Elven Halls)
 38549 | Elf:3    | Identified the ring "Jauzur" {Int+7 Stlth-} (You found it on level 3 of the Elven Halls)
 38551 | Elf:3    | Identified the ring of Butza {rF+ Int+4 Dex+5} (You found it on level 3 of the Elven Halls)
 38554 | Elf:3    | Got a shimmering fustibalus
 38555 | Elf:3    | Identified the +8 fustibalus "Soquitote" {venom, Stlth+} (You found it on level 3 of the Elven Halls)
 38584 | Elf:3    | Got a shimmering leather armour
 38595 | Elf:3    | Identified the +0 leather armour of the Castellan {+Blink rC++} (You found it on level 3 of the Elven Halls)
 39512 | Vaults:1 | Entered Level 1 of the Vaults
 39688 | Vaults:1 | Reached skill level 1 in Polearms
 39714 | Vaults:1 | Reached skill level 20 in Armour
 39846 | Vaults:1 | Found Meehet's Gadget Emporium.
 40098 | Vaults:1 | Found the amulet of the Air {Inacc +Fly rElec EV+5 RMsl}
 40619 | Vaults:1 | Found the +7 longbow "Piercer" {penet, EV-2}
 41330 | Depths:1 | Learned a level 5 spell: Borgnjor's Vile Clutch
 41336 | Depths:1 | Learned a level 5 spell: Yara's Violent Unravelling
 41498 | Vaults:2 | Reached skill level 1 in Necromancy
 41499 | Vaults:2 | Reached skill level 1 in Transmutations
 41977 | Vaults:2 | Found Raluonga's Weapon Shoppe.
 42090 | Vaults:2 | Noticed Mara
 42110 | Vaults:2 | Noticed Fuhrer's illusion
 42110 | Vaults:2 | Killed Mara
 42287 | Vaults:2 | Reached XP level 23. HP: 230/230 MP: 27/27
 42348 | Vaults:2 | Found a staircase to the Crypt.
 42660 | Vaults:3 | Reached skill level 5 in Necromancy
 42768 | Vaults:3 | You are sucked into a shaft!
 42902 | Vaults:4 | Reached skill level 5 in Transmutations
 43816 | Vaults:5 | Entered Level 5 of the Vaults
 43832 | Vaults:5 | Noticed Xtahua
 43847 | Vaults:5 | Noticed an ancient lich
 43850 | Vaults:5 | Killed Xtahua
 43863 | Vaults:5 | Killed an ancient lich
 44042 | Vaults:5 | Reached skill level 10 in Necromancy
 44045 | Vaults:5 | Reached XP level 24. HP: 243/243 MP: 5/27
 44358 | Vaults:5 | Noticed an ancient lich
 44366 | Vaults:5 | Killed an ancient lich
 44490 | Vaults:5 | Reached skill level 10 in Transmutations
 45335 | Vaults:5 | Identified the Guide on the Oath
 45340 | Vaults:5 | Got a silver rune of Zot
 45857 | Vaults:3 | Noticed Frederick
 45868 | Vaults:3 | Killed Frederick
 45967 | Vaults:3 | Noticed Margery
 45989 | Vaults:3 | Killed Margery
 46178 | Vaults:3 | Got a translucent ring mail
 46452 | Vaults:3 | Reached skill level 21 in Armour
 46452 | Vaults:3 | Reached XP level 25. HP: 252/252 MP: 27/27
 46816 | Depths:1 | Identified the +3 ring mail of Faliump Ethro {rN+ MR+ rCorr Stlth+} (You found it on level 3 of the Vaults)
 47079 | Bazaar   | Entered a bazaar
 47081 | Bazaar   | Found Emici's Antique Armour Boutique.
 47085 | Bazaar   | Found Goipetax's Antique Armour Boutique.
 47085 | Bazaar   | Found Zeegag's Gadget Boutique.
 47085 | Bazaar   | Found Efunun's Antique Armour Boutique.
 47125 | Bazaar   | Bought shimmering fire dragon scales for 1690 gold pieces
 47135 | Bazaar   | Identified the +7 fire dragon scales of Girosked {+Inv rF++ rC- MR+ rCorr Slay-5 SInv} (You bought it in a shop in a bazaar)
 47149 | Bazaar   | Bought a scorched scale mail for 270 gold pieces
 47149 | Bazaar   | Bought a smoking buckler for 285 gold pieces
 47159 | Bazaar   | Identified the cursed +0 buckler of Happiness {rPois Int-5 SInv} (You bought it in a shop in a bazaar)
 47169 | Bazaar   | Identified the +6 scale mail of the Cooper {*Contam +Fly MR+} (You bought it in a shop in a bazaar)
 47216 | Bazaar   | Bought a wand of iceblast (8) for 156 gold pieces
 47216 | Bazaar   | Bought a wand of scattershot (3) for 273 gold pieces
 47216 | Bazaar   | Bought a wand of acid (13) for 442 gold pieces
 47243 | Bazaar   | Bought a pair of embroidered gloves for 195 gold pieces
 47563 | Depths:1 | Upgraded the game from 0.22-a0-228-g3692b995fa to 0.22-a0-238-gd711f9382e
 47594 | Hell     | Entered the Vestibule of Hell
 47594 | Hell     | Noticed Geryon
 47616 | Hell     | Killed Geryon
 47810 | Hell     | Found a gateway to the decaying netherworld of Tartarus.
 47989 | Hell     | Found a gateway to the ashen valley of Gehenna.
 48116 | Hell     | Found a gateway to the Iron City of Dis.
 48187 | Hell     | Reached skill level 22 in Armour
 48189 | Hell     | Found a gateway to the freezing wastes of Cocytus.
 48273 | Coc:1    | Entered Level 1 of Cocytus
 48487 | Coc:1    | Noticed a shard shrike
 48502 | Coc:1    | Killed a shard shrike
 48708 | Coc:1    | Noticed a shard shrike
 48736 | Coc:1    | Killed a shard shrike
 48801 | Coc:1    | Reached skill level 15 in Necromancy
 48826 | Coc:1    | Noticed a shard shrike
 48831 | Coc:1    | Killed a shard shrike
 49152 | Coc:1    | Noticed a shard shrike
 49154 | Coc:1    | Killed a shard shrike
 49549 | Coc:2    | Noticed a shard shrike
 49557 | Coc:2    | Killed a shard shrike
 49623 | Coc:2    | Reached skill level 23 in Armour
 49667 | Coc:2    | Noticed a shard shrike
 49668 | Coc:2    | Noticed a shard shrike
 49669 | Coc:2    | Noticed a shard shrike
 49669 | Coc:2    | Noticed a shard shrike
 49680 | Coc:2    | Killed a shard shrike
 49681 | Coc:2    | Killed a shard shrike
 49682 | Coc:2    | Killed a shard shrike
 49685 | Coc:2    | Killed a shard shrike
 49761 | Coc:2    | Reached XP level 26. HP: 201/256 MP: 27/27
 50315 | Coc:2    | You are sucked into a shaft!
 52063 | Coc:6    | Reached skill level 15 in Transmutations
 52076 | Coc:6    | Reached skill level 24 in Armour
 52169 | Coc:7    | Entered Level 7 of Cocytus
 52377 | Coc:7    | HP: 11/247 [reaper/scythe of slicing (10)]
 52382 | Coc:7    | Slain by a frost giant

Vault maps used:
D:1:      minmay_arrival_loop
D:3:      uniq_crazy_yiuf_cottage, uniq_jessica, uniq_terence
D:4:      wad_pebble_path, serial_shops, nicolae_shop_window_shopping,
          grunt_ministairs_4, uniq_blork_the_orc
D:5:      minmay_temple_entry_mist, first_ration, basic_altar,
          minmay_misc_feat_four_crosses, evilmike_ruin_ashenzari,
          uniq_prince_ribbit1, uniq_grinder, uniq_edmund
D:6:      grunt_temple_overflow_open
D:7:      serial_shops, shop, nicolae_ru_sacrificial_ziggurat
D:8:      serial_shops, nicolae_shop_temple_entry_statues_fountains,
          minmay_holes
D:10:     grunt_lair_entry_orc_guard_hut,
          kennysheep_orc_monster_closet_entryway, hangedman_pestilent_swarm,
          serial_park_tiny_2, uniq_nergalle
D:11:     lab_entry_generic, uniq_erica, uniq_snorg
D:14:     david_vaults_1, uniq_sonja, uniq_nessos, uniq_josephine
D:15:     hangedman_depths_entry_civil_slaughter, minmay_misc_feat_hallway,
          serial_shops, nicolae_shop_temple_entry_statues_fountains
Temple:   regret_index_temple_mists
Lair:2:   gammafunk_cloud_chamber, minmay_shoals_entry_hut, special_room,
          uniq_gastronok, uniq_urug
Lair:3:   beast_lair_carwin_8, grunt_megastairs_4
Lair:4:   dummy_snake_entry, infiniplex_staircase_pool_2, lemuel_fruit_tree,
          grunt_megastairs_2
Lair:5:   minmay_slime_entry_pillars, lemuel_fruit_fields
Lair:6:   minmay_lair_end_enchanted_forest, wad_woods_01, lemuel_fruit_fields
Shoals:1: uniq_roxanne, uniq_donald
Shoals:2: serial_shops, bzr_entry_water, nicolae_shoals_dead_sea_scrolls
Shoals:3: serial_shops, shop, uniq_jorgrun
Shoals:4: shoals_end_grunt_garden, shoal_ilsuiw, nicolae_shoals_drake_roost,
          uniq_polyphemus
Snake:1:  serial_bayou_shore_b
Snake:2:  serial_bayou_shore_a
Snake:3:  serial_bayou_shore_b, minmay_shoptagon
Snake:4:  grunt_snake_rune_pools, nrook_guardian_serpent_ordinary, uniq_kirke
Orc:1:    basic_altar
Orc:2:    st_orc_elflike, uniq_rupert
Elf:1:    elf_arrival_001, minmay_elf_annihilation, uniq_azrael
Elf:2:    serial_glass, glass_columns_a, glass_columns_b, glass_columns_b,
          glass_columns_a, glass_columns_a, glass_columns_a, glass_columns_a,
          glass_columns_a, basic_altar, due_unseen_surprise
Elf:3:    minmay_elf_hall_circle, uniq_louise
Vaults:1: nicolae_vaults_network_square, minmay_guarded_unrand_secular_launcher,
          nicolae_vaults_gold_heap, nicolae_vaults_sealed_display,
          nicolae_vaults_windows_and_doors_thing, v_misc_18,
          nicolae_vaults_little_squares_2, serial_shops, shop
Vaults:2: v_misc_28, minmay_crypt_entry_simple_plaza,
          nicolae_vaults_shelves_hall, vaults_mumra_lcd,
          ontoclasm_vaults_decontamination, ontoclasm_vaults_pinch,
          dpeg_vaults_monster_box, uniq_mara
Vaults:3: nicolae_vaults_network_s, grunt_vaults_focal,
          hangedman_vaults_capsules, hangedman_vaults_stream,
          hangedman_vaults_maws, v_misc_1, ontoclasm_vaults_tryst,
          ontoclasm_vaults_twist, ontoclasm_vaults_ring_small,
          nicolae_vaults_network_barrier, vaults_dpeg_spiral,
          ontoclasm_vaults_hangar, ontoclasm_vaults_fault, uniq_frederick,
          uniq_margery
Vaults:4: nicolae_vaults_what_the_h, ontoclasm_vaults_ligature,
          vaults_mumra_hex, v_misc_30, nicolae_vaults_network_star, v_rooms_6,
          vaults_room_grunt_arrival_checkpoint, vaults_room_grid, v_misc_16,
          nicolae_vaults_little_ls
Vaults:5: uniq_xtahua
Depths:1: enter_ziggurat_a, minmay_misc_feat_tiny,
          nicolae_abyss_entry_one_way_or_another, hell_entry,
          roderic_roman_lattice, corexii_mini_fake_secret_closet,
          minmay_misc_feat_encased, hangedman_decor_clover_reticule,
          nicolae_island_escapes, uniq_bai_suzhen, uniq_nikola
Depths:2: hangedman_elemental_death_ray, minmay_room_of_horrors, serial_glass,
          glass_columns_c, glass_columns_a, kennysheep_flooded_box, hell_entry,
          pan_entry, statue_in_the_mist_lemuel, infiniplex_staircase_pool_lava
Depths:3: minmay_the_grid_square_5x5_3x3, hell_entry, grunt_pan_entry_zigzag,
          abyss_entry_flame_altar, serial_shops, kennysheep_mini,
          infiniplex_staircase_zigzag_1, minmay_shop_grove
Depths:4: lemuel_flame_loot_2, hell_entry, abyss_entry, hangedman_decor_lopped,
          serial_sigils_hangedman_stare, infiniplex_staircase_x,
          minmay_shop_star
Depths:5: grunt_zot_entry_tricorne, serial_bayou_pond_b, grunt_hell_entry_dis_mu
Coc:7:    coc_hangedman
Lab:      labyrinth_lava_lair, labyrinth_skeletal_remains
Bazaar:   bazaar_minmay_cross

Skill      XL: |  1  2  3  4  5  6  7  8  9 10 11 12 13 14 15 16 17 18 19 20 21 22 23 24 25 26 |
---------------+-------------------------------------------------------------------------------+-----
Axes           | 3 5 6 7 10 12 14 16 18 19 20 | 20.0
Shields        | 4 5 14 15 | 15.0
Fighting       | 3 6 7 9 10 11 13 14 15 17 18 19 20 | 20.0
Armour         | 4 8 9 11 12 13 15 16 17 18 19 20 21 23 24 | 24.2
Dodging        | 2 7 8 10 11 13 14 15 16 18 19 20 | 20.0
Evocations     | 10 | 10.1
Polearms       | 2 |  2.6
Necromancy     | 4 10 13 15 17 | 17.9
Transmutations | 3 8 11 13 15 | 15.4

Action                   |  1- 3 |  4- 6 |  7- 9 | 10-12 | 13-15 | 16-18 | 19-21 | 22-24 | 25-27 || total
-------------------------+-------+-------+-------+-------+-------+-------+-------+-------+-------++-------
Melee: War axe           |   117 |   188 |   391 |   568 |       |       |       |       |       ||  1264
       Broad axe         |       |       |       |   161 |  1143 |  1395 |  1324 |  1434 |  1567 ||  7024
       Whip              |       |       |       |       |     7 |       |       |       |       ||     7
       Flail             |       |       |       |       |    11 |       |       |       |       ||    11
Throw: Stone             |     4 |     2 |       |       |       |       |       |       |       ||     6
 Abil: Heal Wounds       |       |     2 |     8 |     1 |       |       |       |       |     1 ||    12
       Evoke Berserk Rag |       |       |     1 |    20 |    23 |    22 |    19 |     8 |     2 ||    95
       Stop Flying       |       |       |       |     1 |       |       |       |       |       ||     1
       Evoke Flight      |       |       |       |     1 |       |       |       |       |       ||     1
Evoke: Wand              |       |    18 |    18 |    31 |     4 |    13 |     3 |     6 |       ||    93
       Phantom mirror    |       |       |       |     1 |       |       |       |       |       ||     1
       Lamp of fire      |       |       |       |       |     1 |     1 |       |       |       ||     2
       Lightning rod     |       |       |       |       |       |     1 |       |       |       ||     1
  Use: Scroll            |       |       |       |     9 |    14 |    20 |     3 |     6 |     5 ||    57
       Potion            |       |       |       |     4 |     2 |     6 |     1 |     2 |     4 ||    19
 Stab: Invisible         |       |       |       |    22 |       |       |       |       |       ||    22
       Paralysed         |       |       |       |     3 |       |    10 |       |       |       ||    13
       Distracted        |       |       |       |       |       |       |     2 |       |       ||     2
  Eat: Chunk             |     1 |     6 |    10 |    26 |    42 |    31 |    33 |    32 |     9 ||   190
       Ration            |       |       |       |     4 |     4 |     6 |     2 |     2 |     4 ||    22
Armor: Scale mail        |    63 |    75 |   156 |    28 |    45 |       |       |       |       ||   367
       Ring mail         |       |       |       |   237 |   316 |    31 |       |       |       ||   584
       Plate armour      |       |       |       |       |       |   700 |   501 |   371 |   580 ||  2152
Dodge: Dodged            |    64 |    63 |   113 |   397 |   702 |   714 |   522 |   562 |   871 ||  4008
Block: Buckler           |    16 |    26 |    66 |   135 |   334 |   142 |       |       |       ||   719
       Shield            |       |       |       |       |       |   410 |   783 |   885 |  1243 ||  3321
       Reflection        |       |       |       |       |       |    50 |    44 |   102 |    13 ||   209

Table legend:
 A = Spawn XP
 B = Non-spawn XP
 C = Spawn XP percentage of total XP
 D = Spawn monster count
 E = Non-spawn monster count
 F = Spawn count percentage of total count
 G = Total turns spent on level
                    A         B        C        D         E        F      G
               +---------+---------+-------+---------+---------+-------+---------
         Total |       0 | 1487310 |   0.0 |       0 |    2611 |   0.0 | 52382
               +---------+---------+-------+---------+---------+-------+---------
           D:1 |       0 |      28 |   0.0 |       0 |      16 |   0.0 |   637
           D:2 |       0 |      62 |   0.0 |       0 |      20 |   0.0 |   856
           D:3 |       0 |     255 |   0.0 |       0 |      36 |   0.0 |   933
           D:4 |       0 |     558 |   0.0 |       0 |      24 |   0.0 |   818
           D:5 |       0 |    1542 |   0.0 |       0 |      25 |   0.0 |   939
           D:6 |       0 |    1800 |   0.0 |       0 |      37 |   0.0 |   861
           D:7 |       0 |     892 |   0.0 |       0 |      19 |   0.0 |   729
           D:8 |       0 |    1456 |   0.0 |       0 |      21 |   0.0 |   852
           D:9 |       0 |    2361 |   0.0 |       0 |      13 |   0.0 |   650
          D:10 |       0 |    7025 |   0.0 |       0 |      63 |   0.0 |  1764
          D:11 |       0 |    6719 |   0.0 |       0 |      31 |   0.0 |   918
          D:12 |       0 |    3153 |   0.0 |       0 |      14 |   0.0 |   661
          D:13 |       0 |   14447 |   0.0 |       0 |      62 |   0.0 |   783
          D:14 |       0 |   17463 |   0.0 |       0 |      63 |   0.0 |   989
          D:15 |       0 |   21484 |   0.0 |       0 |      57 |   0.0 |  1441
        Lair:1 |       0 |    2044 |   0.0 |       0 |      13 |   0.0 |   990
        Lair:2 |       0 |    9577 |   0.0 |       0 |      51 |   0.0 |  1529
        Lair:3 |       0 |    9956 |   0.0 |       0 |      38 |   0.0 |   956
        Lair:4 |       0 |    9838 |   0.0 |       0 |      35 |   0.0 |   805
        Lair:5 |       0 |    1177 |   0.0 |       0 |       7 |   0.0 |   969
        Lair:6 |       0 |   14703 |   0.0 |       0 |      72 |   0.0 |  1376
      Shoals:1 |       0 |   13238 |   0.0 |       0 |      26 |   0.0 |   881
      Shoals:2 |       0 |    8748 |   0.0 |       0 |      21 |   0.0 |   821
      Shoals:3 |       0 |   10806 |   0.0 |       0 |      18 |   0.0 |   760
      Shoals:4 |       0 |   38750 |   0.0 |       0 |      61 |   0.0 |  1099
       Snake:1 |       0 |    9520 |   0.0 |       0 |      18 |   0.0 |   640
       Snake:2 |       0 |   17068 |   0.0 |       0 |      32 |   0.0 |   673
       Snake:3 |       0 |    8978 |   0.0 |       0 |      16 |   0.0 |   660
       Snake:4 |       0 |   66132 |   0.0 |       0 |     112 |   0.0 |  1524
         Orc:1 |       0 |    5276 |   0.0 |       0 |      43 |   0.0 |   625
         Orc:2 |       0 |   16799 |   0.0 |       0 |      65 |   0.0 |   947
         Elf:1 |       0 |   23320 |   0.0 |       0 |      48 |   0.0 |   601
         Elf:2 |       0 |   32284 |   0.0 |       0 |      43 |   0.0 |   839
         Elf:3 |       0 |   67230 |   0.0 |       0 |      68 |   0.0 |  1519
      Vaults:1 |       0 |   75394 |   0.0 |       0 |     122 |   0.0 |  1784
      Vaults:2 |       0 |   47923 |   0.0 |       0 |      69 |   0.0 |  1247
      Vaults:3 |       0 |   59200 |   0.0 |       0 |      91 |   0.0 |  1211
      Vaults:4 |       0 |   38009 |   0.0 |       0 |      51 |   0.0 |  1062
      Vaults:5 |       0 |  203116 |   0.0 |       0 |     166 |   0.0 |  1780
      Depths:1 |       0 |   45287 |   0.0 |       0 |      54 |   0.0 |  1748
      Depths:2 |       0 |   43619 |   0.0 |       0 |      70 |   0.0 |  1214
      Depths:3 |       0 |   59678 |   0.0 |       0 |      77 |   0.0 |  1430
      Depths:4 |       0 |   42054 |   0.0 |       0 |      41 |   0.0 |  1025
      Depths:5 |       0 |   87535 |   0.0 |       0 |      77 |   0.0 |  1365
          Hell |       0 |   66475 |   0.0 |       0 |     104 |   0.0 |   679
         Coc:1 |       0 |   59746 |   0.0 |       0 |      95 |   0.0 |  1224
         Coc:2 |       0 |   68607 |   0.0 |       0 |      78 |   0.0 |   818
         Coc:4 |       0 |   37399 |   0.0 |       0 |      67 |   0.0 |   999
         Coc:5 |       0 |   33118 |   0.0 |       0 |      65 |   0.0 |   627
         Coc:6 |       0 |   30502 |   0.0 |       0 |      32 |   0.0 |   225
         Coc:7 |       0 |   43805 |   0.0 |       0 |      63 |   0.0 |   213
           Lab |       0 |    1154 |   0.0 |       0 |       1 |   0.0 |  1331
               +---------+---------+-------+---------+---------+-------+---------
